 Dungeon Crawl Stone Soup version 0.28-a0-43-g560ac104fe (webtiles) character file.

Game seed: 1686123263887637085

3107 Blejac999 the Thaumaturge (level 10, -16/64 HPs)
             Began as a Djinni Conjurer on July 28, 2021.
             Was a Follower of Makhleb.
             Demolished by an orc knight (28 damage)
             ... in a bailey.
             The game lasted 00:20:31 (10340 turns).

Blejac999 the Thaumaturge (Djinni Conjurer)        Turns: 10340, Time: 00:20:32

Health: -16/64     AC:  9    Str:  6    XL:     10   Next: 13%
Gold:   182        EV: 12    Int: 23    God:    Makhleb [*.....] SH:  0 Dex: 12

rFire   + + .      SeeInvis .   e - +3 dagger (protect)
rCold   x . .      Faith    +   (no shield)
rNeg    . . .      Spirit   .   d - +0 leather armour
rPois   ∞          Reflect  .   a - +2 hat
rElec   .          Harm     .   l - +1 cloak
rCorr   +          Rampage  .   u - +0 pair of gloves
Will    ++...                   (boots unavailable)
Stlth   ++........              c - amulet of faith
HPRegen 0.20/turn               b - ring of willpower
MPRegen 0.00/turn               g - ring of resist corrosion

@: flying
A: sickness immunity, fire resistance 2, cold vulnerability 1, float, innate
caster, hp casting, extra vitality 1
a: Renounce Religion


You were in a bailey.
You worshipped Makhleb.
Makhleb was aware of your devotion.
You visited 2 branches of the dungeon, and saw 10 of its levels.
You also visited: Bailey.

You collected 377 gold pieces.
You spent 195 gold pieces at shops.

Inventory:

Hand Weapons
 e - a +3 dagger of protection (weapon)
Missiles
 n - 2 throwing nets
Armour
 a - a +2 hat (worn)
 d - a +0 leather armour (worn)
 l - a +1 cloak (worn)
 u - a +0 pair of gloves (worn)
Jewellery
 b - a ring of willpower (left hand)
 c - an amulet of faith (around neck)
 g - a ring of resist corrosion (right hand)
Wands
 o - a wand of flame (23)
 s - a wand of polymorph (7)
Scrolls
 f - 2 scrolls of teleportation
 h - 3 scrolls of identify
Potions
 j - a potion of invisibility {unknown}
 k - 4 potions of curing
 m - 4 potions of mutation {unknown}
 q - a potion of lignification
 r - a potion of ambrosia
 t - a potion of heal wounds


   Skills:
 + Level 2.0 Fighting
 + Level 5.4 Armour
 + Level 4.3 Dodging
 + Level 3.3 Stealth
 + Level 0.2 Unarmed Combat
 + Level 9.1 Spellcasting
 + Level 0.9 Evocations


You had 4 spell levels left.
You knew the following spells:

 Your Spells              Type           Power      Damage    Failure   Level
a - Magic Dart            Conj           100%       1d8       1%          1
b - Searing Ray           Conj           100%       3d7       1%          2
c - Dazzling Flash        Conj/Hex       100%       N/A       1%          3
d - Fulminant Prism       Conj/Hex       25%        3d14      1%          4
e - Iskenderun's Mystic   Conj/Tloc      51%        2d11      1%          4
f - Corona                Hex            56%        N/A       1%          1
g - Blink                 Tloc           N/A        N/A       1%          2
h - Ozocubu's Armour      Ice            51%        N/A       1%          3
i - Stone Arrow           Conj/Erth      100%       3d13      1%          3
Your spell library was empty.

Dungeon Overview and Level Annotations

Branches:
Dungeon (9/15)             Temple (1/1) D:7          Bailey (1/1)
   Lair: D:8-11         Orc: D:9-12

Altars:
Ashenzari
Cheibriados
Dithmenos
Elyvilon
Fedhas
Gozag
Hepliaklqana
Kikubaaqudgha
Makhleb
Nemelex Xobeh
Okawaru
Qazlal
Ru
Sif Muna
Trog
Uskayaw
Wu Jian
Xom
Yredelemnul
Zin

Shops:
D:5 [   D:6 =(=!   D:8 =   D:9 *

Annotations:
D:4 1 runed translucent door


Innate Abilities, Weirdness & Mutations

You are immune to sickness and miasma.
You are immune to poison.
Your flesh is very heat resistant. (rF++)
You are vulnerable to cold. (rC-)
You float through the air rather than walking.
You learn spells naturally, not from books.
Your magical power is your life essence.
You have superior vitality. (+4 HP)


Message History

Your fulminant prism explodes!
The blast of energy engulfs the orc knight.
The orc knight is lightly wounded.
Casting: Fulminant Prism (dangerous; 1% risk of failure)
Confirm with . or Enter, or press ? or * to list all spells.
Aiming: Searing Ray (safe; 1% risk of failure)
Press: ? - help, Shift-Dir - straight line, f - orc knight
Aim: an orc knight, wielding a +0 halberd and wearing the +0 crystal plate armour of Xitwiff {-Tele Regen+ Str-2 Stlth+} (lightly wounded, 83% to hit)
The searing ray hits the orc knight.
The orc knight is moderately wounded. (Press . to maintain the ray.)
The searing ray hits the orc knight but does no damage.
The orc knight is moderately wounded.
The searing ray hits the orc knight but does no damage.
The orc knight is moderately wounded.
The searing ray misses the orc knight.
You finish channeling your searing ray.
The orc knight hits you from afar with a +0 halberd!
Casting: Searing Ray (safe; 1% risk of failure)
Confirm with . or Enter, or press ? or * to list all spells.
Aiming: Searing Ray (safe; 1% risk of failure)
Press: ? - help, Shift-Dir - straight line, f/p - orc knight
Aim: an orc knight, wielding a +0 halberd and wearing the +0 crystal plate armour of Xitwiff {-Tele Regen+ Str-2 Stlth+} (lightly wounded, 83% to hit)
The searing ray hits the orc knight.
The orc knight is moderately wounded. (Press . to maintain the ray.)
The orc knight completely misses you.
The searing ray hits the orc knight!
The orc knight is moderately wounded.
The orc knight hits you from afar with a +0 halberd!
The orc shouts!
The orc no longer looks unusually strong.
The orc hits you but does no damage.
The orc knight roars a battlecry!
The orc goes into a battle-frenzy!
The orc hits you from afar with a +0 trident.
The orc misses you.
The orc hits you from afar with a +0 trident!
* * * LOW HITPOINT WARNING * * *
The orc knight hits you from afar with a +0 halberd!!
You die...

≈ §..... ##.≈.#
≈.#########'###'#############.≈.#
≈..........##.....##..........≈.#
≈≈≈≈≈≈≈≈≈≈..##.∩.##..≈≈≈≈≈≈≈≈≈≈.#
.........≈≈..## ##..≈≈..........#
########..≈≈..###.)≈≈..##########
##..≈≈oo).)≈≈..## ##..≈≈≈≈≈≈≈..##
##.....@...## ###########


You could see an orc knight and an orc (strong).

Vanquished Creatures
  An orc knight (Bailey)
  Prince Ribbit (D:6)
  The ghost of Conn the Firebug, an amateur OpFE (D:4)
  2 water moccasins (D:7)
  3 orc warriors (Bailey)
  A black bear (D:7)
  2 ogres (D:6)
  2 kobold brigands
  2 scorpions
  2 bullfrogs (D:7)
  A water moccasin skeleton (D:4)
  3 howler monkeys
  A centaur zombie (D:7)
  3 orc priests
  A bullfrog zombie (D:6)
  A gnoll shaman (D:7)
  2 bullfrog skeletons
  3 centaur skeletons
  2 hounds (D:6)
  A jelly (D:6)
  5 orc wizards
  5 iguanas
  A killer bee zombie (D:6)
  A hound skeleton (D:4)
  Robin (D:2)
  4 gnolls
  4 adders
  A river rat (D:4)
  3 shadow imps (D:7)
  An ufetubus (D:4)
  2 worms
  5 dart slugs
  27 orcs
  8 bats
  6 endoplasms
  5 giant cockroaches
  14 goblins
  18 hobgoblins
  2 jackals (D:1)
  3 quokkas
  3 ball pythons
  4 frilled lizards
  12 kobolds
  10 rats
180 creatures vanquished.

Vanquished Creatures (others)
  A wizard (D:7)
  8 fulminant prisms
  8 plants (D:5)
17 creatures vanquished.

Grand Total: 197 creatures vanquished

Notes
Turn   | Place    | Note
-------+----------+-------------------------------------------
     0 | D:1      | Blejac999 the Djinni Conjurer began the quest for the Orb.
     0 | D:1      | Reached XP level 1. HP: 15/15 MP: 0/0
   250 | D:1      | Reached XP level 2. HP: 4/21 MP: 0/0
  1267 | D:2      | Found a faded altar of an unknown god.
  1273 | D:2      | Noticed a golden eye
  1276 | D:2      | Reached XP level 3. HP: 23/25 MP: 0/0
  1276 | D:2      | Learned a level 1 spell: Corona
  1386 | D:2      | Noticed a golden eye
  1387 | D:2      | Noticed a golden eye
  1387 | D:2      | Noticed a shining eye
  1481 | D:2      | Reached skill level 4 in Spellcasting
  1723 | D:2      | Reached XP level 4. HP: 13/31 MP: 0/0
  2167 | D:2      | Noticed Robin
  2179 | D:2      | Killed Robin
  2735 | D:3      | Reached skill level 1 in Armour
  2937 | D:3      | Reached XP level 5. HP: 32/35 MP: 0/0
  2937 | D:3      | Learned a level 2 spell: Blink
  3899 | D:4      | Reached XP level 6. HP: 22/40 MP: 0/0
  4136 | D:4      | Reached skill level 5 in Spellcasting
  4139 | D:4      | Found a runed translucent door.
  4182 | D:4      | Noticed Conn's ghost (amateur OpFE)
  4273 | D:4      | Found an iron altar of Okawaru.
  4278 | D:4      | Found a runed translucent door.
  5090 | D:4      | Killed Conn's ghost
  5091 | D:4      | Reached XP level 7. HP: 28/45 MP: 0/0
  5091 | D:4      | Learned a level 3 spell: Ozocubu's Armour
  5266 | D:5      | Entered Level 5 of the Dungeon
  5311 | D:5      | Found Erafunol's Armour Shoppe.
  5984 | D:5      | Reached skill level 6 in Spellcasting
  6199 | D:6      | Found Dogeoqiu's Distillery.
  6216 | D:6      | Bought a potion of degeneration for 13 gold pieces
  6216 | D:6      | Bought a potion of lignification for 39 gold pieces
  6216 | D:6      | Bought a potion of ambrosia for 104 gold pieces
  6216 | D:6      | Bought a potion of curing for 39 gold pieces
  6268 | D:6      | Reached XP level 8. HP: 42/51 MP: 0/0
  6387 | D:6      | Found Visel's Jewellery Boutique.
  6447 | D:6      | Found Gaseno's Jewellery Boutique.
  6950 | D:6      | Found a large runed translucent door.
  6950 | D:6      | Noticed Maggie
  6951 | D:6      | Noticed Maggie
  6951 | D:6      | Maggie changed into Maggie the jelly
  6953 | D:6      | Killed Maggie the jelly
  6954 | D:6      | Found a large runed translucent door.
  6984 | D:6      | Found Cemmygua's Antique Weapon Boutique.
  7017 | D:6      | Noticed Prince Ribbit
  7027 | D:6      | Killed Prince Ribbit
  7028 | D:6      | Reached skill level 7 in Spellcasting
  7371 | D:6      | Found a hazy altar of Hepliaklqana.
  7600 | D:7      | Reached XP level 9. HP: 53/56 MP: 0/0
  7600 | D:7      | Learned a level 3 spell: Stone Arrow
  7860 | D:6      | Reached skill level 8 in Spellcasting
  8634 | D:7      | Reached skill level 1 in Fighting
  8676 | D:7      | Found a bloodstained altar of Trog.
  8677 | D:7      | Noticed a wizard
  8682 | D:7      | Killed a wizard
  8887 | D:7      | Found a staircase to the Ecumenical Temple.
  8896 | Temple   | Entered the Ecumenical Temple
  9031 | Temple   | Became a worshipper of Makhleb the Destroyer
  9223 | D:7      | Reached skill level 5 in Armour
  9519 | D:8      | Found Noqasori's Jewellery Shoppe.
  9549 | D:9      | Found Keakhloafa's Mass Market.
  9628 | D:9      | Found a flagged portal.
  9642 | Bailey   | Entered a bailey
  9917 | Bailey   | Noticed an orc knight
  9917 | Bailey   | Noticed an orc knight
  9932 | Bailey   | Killed an orc knight
  9932 | Bailey   | Reached * piety under Makhleb
  9933 | Bailey   | Reached skill level 9 in Spellcasting
  9933 | Bailey   | Reached XP level 10. HP: 49/64 MP: 0/0
 10316 | Bailey   | Identified the +0 crystal plate armour of Xitwiff {-Tele
                  | Regen+ Str-2 Stlth+}
 10316 | Bailey   | Noticed an orc knight
 10340 | Bailey   | Demolished by an orc knight

Illustrated notes

Levels and vault maps discovered:
D:1:      lemuel_arrival_lava_pool, layout_rooms
D:2:      cheibrodos_greedy_goblins, layout_basic,
          hellmonk_ecumenical_altar_watching_god, minmay_tall_x, uniq_robin
D:3:      layout_loops_ring, portal_sewer_entry_b
D:4:      layout_basic, okawaru_trees_2, ebering_ghost_sewer_f,
          nrook_loot_triangle, corexii_hall_statues_u
D:5:      layout_rooms, serial_shops, nicolae_take_the_stairs,
          lexackson_kobold_supper
D:6:      layout_rooms, jmf_multi_god_temple2, serial_shops, shop,
          nicolae_shop_crystal, shop, kennysheep_mini, corexii_shack,
          uniq_prince_ribbit1, uniq_maggie
D:7:      layout_rooms, trog_wizard, minmay_temple_entry_poolview,
          grunt_tough_drop
D:8:      layout_basic, lair_entry_dummy, serial_shops, shop_fountains,
          nicolae_shop_trees, nicolae_stop_n_shop_1, kennysheep_mini_moat
D:9:      layout_irregular_city, enter_bailey_4, minmay_shop_mass,
          minmay_shattered_shrine, uniq_maurice
Temple:   regret_index_temple_sphere_string
Bailey:   bailey_polearm_1, bailey

Skill      XL: |  1  2  3  4  5  6  7  8  9 10 |
---------------+-------------------------------+-----
Spellcasting   | 4 5 6 7 9 |  9.1
Armour         | 1 2 3 4 5 |  5.4
Stealth        | 2 3 |  3.3
Dodging        | 3 4 |  4.3
Fighting       | 1 2 |  2.0
Unarmed Combat | |  0.2
Evocations     | |  0.9

Action                   |  1- 3 |  4- 6 |  7- 9 | 10-12 || total
-------------------------+-------+-------+-------+-------++-------
Melee: Unarmed           |     1 |     2 |       |       ||     3
       Dagger            |       |     2 |    30 |       ||    32
 Cast: Magic Dart        |    65 |   112 |   228 |    23 ||   428
       Searing Ray       |     2 |     8 |    33 |     4 ||    47
       Ozocubu's Armour  |       |       |     4 |       ||     4
       Fulminant Prism   |       |       |     6 |     2 ||     8
Evoke: Wand              |       |       |     1 |       ||     1
  Use: Potion            |     3 |     2 |       |       ||     5
       Scroll            |     2 |     7 |     5 |       ||    14
Armor: Leather armour    |     7 |    11 |    41 |     3 ||    62
Dodge: Dodged            |    17 |    18 |    63 |     8 ||   106

Table legend: (Time is in decaauts)
 A = Elapsed time spent in this place.
 B = Non-inter-level travel time spent in this place.
 C = Inter-level travel time spent in this place.
 D = Time resting spent in this place.
 E = Time spent auto-exploring this place.
 F = Levels seen in this place.
 G = Mean time per level.
                   A        B        C        D        E       F      G
               +--------+--------+--------+--------+--------+-----+--------+
         Total |  10329 |  10055 |    274 |   2902 |   5761 |  11 |  939.0 |
       Dungeon |   9467 |   9220 |    247 |   2458 |   5573 |   9 | 1051.9 |
        Temple |    163 |    136 |     27 |      0 |    124 |   1 |  163.0 |
        Bailey |    697 |    697 |      0 |    444 |     64 |   1 |  697.0 |
               +--------+--------+--------+--------+--------+-----+--------+

Top non-repeatable levels by time:
     D:6: 1958 daAuts
     D:4: 1505 daAuts
     D:1: 1393 daAuts
     D:2: 1257 daAuts
     D:7: 1232 daAuts
     D:3: 1093 daAuts
     D:5: 903 daAuts
  Bailey: 697 daAuts
  Temple: 163 daAuts
     D:9: 104 daAuts
     D:8: 17 daAuts
